[Event "Titled Tuesday Blitz August 09 Early 2022"]
[White "Melikhov, Evgeny V."]
[Black "Sanchez, Robert"]
[WhiteFideId "4122046"]
[BlackFideId "2034360"]
[WhiteElo "1963"]
[BlackElo "2277"]
[Result "1-0"]
[Round "07"]
[TimeControl "180+1"]
[Date "2022.08.09"]
[WhiteClock "0:01:28"]
[BlackClock "0:01:41"]

1. e4 e6 2. d4 d5 3. Nc3 Nf6 4. Bg5 Be7 5. e5 Nfd7 6. h4 h6 7. Bxe7 Qxe7 8. h5 a6 9. Qg4 Kf8 10. Nf3 c5 11. O-O-O c4 12. Rh4 b5 13. Qg3 Nb6 14. Rf4 b4 15. Ne2 c3 16. Nh4 Kg8 17. Rg4 Rh7 18. Nf4 f5 19. exf6 Qxf6 20. Bd3 cxb2+ 21. Kb1 Na4 22. Bxh7+ Kxh7 23. Rd3 Nc3+ 24. Kxb2 Nc6 25. Rg6 Qe7 26. Rxh6+ gxh6 27. Qg6+ Kh8 28. Qxh6+ Qh7 1-0


[Site "https://www.chess.com"]

[Event "Titled Tuesday Blitz August 09 Early 2022"]
[White "Mikhalsky, Vladimir"]
[Black "Gombocz, Ferenc Jr."]
[WhiteFideId "14144352"]
[BlackFideId "775029"]
[WhiteElo "2301"]
[BlackElo "1913"]
[Result "0-1"]
[Round "07"]
[TimeControl "180+1"]
[Date "2022.08.09"]
[WhiteClock "0:00:04"]
[BlackClock "0:00:31"]

1. d4 d5 2. c4 c6 3. Nf3 Nf6 4. g3 Bg4 5. Ne5 Bf5 6. Bg2 e6 7. O-O Bd6 8. Nc3 O-O 9. Qb3 Qc7 10. Bf4 Nh5 11. c5 Be7 12. e4 Nxf4 13. gxf4 dxe4 14. Bxe4 Bxe4 15. Nxe4 Nd7 16. Kh1 Nf6 17. Nxf6+ Bxf6 18. Rg1 Kh8 19. Rad1 Rad8 20. Rg3 Rd5 21. Rh3 Rfd8 22. Qc2 h6 23. Qe4 Bxe5 24. fxe5 Rxe5 25. Qxe5 Qxe5 26. dxe5 Rxd1+ 27. Kg2 b6 28. Rc3 Rd2 29. b4 b5 30. Ra3 Rd7 31. Ra6 Rc7 32. f4 g5 33. Kf3 Kg7 34. Ke4 Kg6 35. Ra3 f5+ 36. exf6 Kxf6 37. Rh3 Kg6 38. Ke5 Rd7 39. Kxe6 Rd4 40. f5+ Kg7 41. f6+ Kf8 42. Rxh6 Re4+ 43. Kf5 Rxb4 44. Kg6 Rh4 45. Kxg5 Rxh6 46. Kxh6 a5 47. Kg5 b4 48. h4 a4 49. h5 b3 50. h6 Kg8 51. Kg6 b2 52. h7+ Kh8 53. f7 b1=Q+ 54. Kf6 Qf1+ 55. Ke7 Qe2+ 56. Kf6 Qf3+ 57. Ke7 Qe4+ 58. Kf6 Qf4+ 59. Ke7 Qe5+ 60. Kd7 Qf6 61. Ke8 Qe6+ 62. Kf8 Kxh7 63. a3 Kg6 64. Kg8 Qxf7+ 0-1


[Site "https://www.chess.com"]

[Event "Titled Tuesday Blitz August 09 Early 2022"]
[White "Miszler, Levente"]
[Black "Floresvillar Gonzalez, Luis Migu"]
[WhiteFideId "763276"]
[BlackFideId "5100542"]
[WhiteElo "1966"]
[BlackElo "2040"]
[Result "1-0"]
[Round "07"]
[TimeControl "180+1"]
[Date "2022.08.09"]
[WhiteClock "0:00:47"]
[BlackClock "0:00:03"]

1. Nf3 d5 2. c4 c6 3. g3 Nf6 4. Bg2 Bg4 5. O-O e6 6. Qc2 Nbd7 7. d3 Bc5 8. Nbd2 h5 9. Rb1 a5 10. a3 a4 11. b4 axb3 12. Qxb3 b6 13. Bb2 h4 14. d4 Bd6 15. Rfe1 hxg3 16. hxg3 Qc7 17. e4 Bxg3 18. e5 Bxf3 19. Nxf3 Bxf2+ 20. Kxf2 Ne4+ 21. Kg1 f6 22. Rbc1 fxe5 23. cxd5 exd5 24. Qxd5 cxd5 25. Rxc7 exd4 26. Nxd4 Nc5 27. Rxg7 Nd3 28. Rxe4+ dxe4 29. Bxe4 Nxb2 30. Bxa8 Kf8 31. Rb7 Rg8+ 32. Kf1 Nc4 33. Rb8+ Kg7 34. Rxg8+ Kxg8 35. Bd5+ Kg7 36. Bxc4 Kf6 37. Ke2 Ke5 38. Kd3 Kd6 39. Kc3 Kc5 40. Nb3+ Kc6 41. Kb4 Kc7 42. Kb5 Kb7 43. Bd5+ Ka7 44. Nd2 Kb8 45. Nc4 Ka7 46. Nxb6 Kb8 47. a4 Ka7 48. a5 Kb8 49. a6 Ka7 50. Ka5 Kb8 51. a7+ Kc7 52. a8=Q 1-0


[Site "https://www.chess.com"]

[Event "Titled Tuesday Blitz August 09 Early 2022"]
[White "Mohammad Fahad, Rahman"]
[Black "Vazquez Espino, Uriel"]
[WhiteFideId "10207791"]
[BlackFideId "5119138"]
[WhiteElo "2323"]
[BlackElo "2381"]
[Result "1-0"]
[Round "07"]
[TimeControl "180+1"]
[Date "2022.08.09"]
[WhiteClock "0:00:04"]
[BlackClock "0:00:01"]

1. Nf3 Nf6 2. g3 c5 3. c4 Nc6 4. Bg2 d5 5. cxd5 Nxd5 6. O-O e5 7. Nc3 Nc7 8. d3 Be7 9. Be3 O-O 10. Rc1 Be6 11. Na4 b6 12. a3 Bd5 13. b4 cxb4 14. Bd2 b5 15. e4 bxa4 16. exd5 Na5 17. Qxa4 Nxd5 18. Nxe5 Rb8 19. axb4 Bxb4 20. Bxb4 Rxb4 21. Qa2 Rb5 22. Rb1 Nc3 23. Qa1 Nxb1 24. Rxb1 Rxb1+ 25. Qxb1 Qb6 26. Qa2 Qc7 27. d4 g6 28. Bd5 Kg7 29. Kg2 Qb6 30. Nxf7 Qxd4 31. Qxa5 Rxf7 32. Bxf7 Kxf7 33. Qc7+ Kg8 34. h4 Qb6 35. Qc8+ Kg7 36. Qd7+ Kg8 37. Qe8+ Kg7 38. Qe7+ Kg8 39. g4 Qc6+ 40. Kh2 a5 41. Qd8+ Kf7 42. Qxa5 Qf3 43. Qa7+ Kg8 44. Qd4 h5 45. g5 Qf5 46. Qe3 Qg4 47. Qe8+ Kg7 48. Qe7+ Kg8 49. Qd8+ Kf7 50. Qc7+ Kg8 51. Qg3 Qf5 52. Kg2 Qe4+ 53. Qf3 Qxh4 54. Qf6 Qg4+ 55. Kf1 Qc4+ 56. Ke1 Qe4+ 57. Kd2 h4 58. Qd8+ Kf7 59. Qd7+ Kg8 60. Qc8+ Kf7 61. Qc7+ Kg8 62. Qb8+ Kf7 63. Qc7+ Ke6 64. Qc8+ Ke5 65. Qh8+ Kf5 66. Qf6+ Kg4 67. Kc3 Qf3+ 68. Kd4 h3 69. Qxg6 1-0


[Site "https://www.chess.com"]

[Event "Titled Tuesday Blitz August 09 Early 2022"]
[White "Mohammed, Dilshad"]
[Black "Papasimakopoulos, Alexandros"]
[WhiteFideId "5050421"]
[BlackFideId "4244125"]
[WhiteElo "2102"]
[BlackElo "2357"]
[Result "0-1"]
[Round "07"]
[TimeControl "180+1"]
[Date "2022.08.09"]
[WhiteClock "0:00:07"]
[BlackClock "0:00:07"]

1. Nf3 d5 2. c4 e6 3. e3 Nf6 4. cxd5 exd5 5. d4 c6 6. Bd3 Bd6 7. h3 O-O 8. Nc3 Re8 9. Qc2 Nbd7 10. O-O Nf8 11. Rb1 a5 12. a3 Bd7 13. b4 axb4 14. axb4 b5 15. Re1 Qb6 16. e4 dxe4 17. Nxe4 Nxe4 18. Bxe4 Ra4 19. Be3 Qb7 20. Bd2 h6 21. h4 Ne6 22. Qd3 Nf4 23. Bxf4 Bxf4 24. d5 Bd6 25. dxc6 Bxc6 26. Bh7+ Kh8 27. Rxe8+ Bxe8 28. Be4 Qc7 29. Rd1 Ra6 30. Nd4 Rb6 31. Nf5 Bf8 32. Qd8 Qb8 33. Bc2 g6 34. Qd4+ Kg8 35. Qg4 h5 36. Qg5 Re6 37. Ng3 Be7 38. Qd5 Bxb4 39. Ne4 Be7 40. Bb3 Qe5 41. Ng3 Qxd5 42. Bxd5 Re5 43. Ne4 Bxh4 44. g3 Be7 45. f4 Rf5 46. Kg2 Kg7 47. Kf3 b4 48. Rd3 g5 49. Ke3 gxf4+ 50. gxf4 h4 51. Kf3 h3 52. Rd2 Rh5 53. Ng3 Rh8 54. Be4 Bf6 55. Nf5+ Kf8 56. Ng3 h2 57. Nh1 b3 58. Rd1 b2 59. Nf2 Bc3 60. Ke2 f6 61. Ng4 Bh5 62. Kf3 Ke7 63. Kg3 Bxg4 64. Kxg4 Bd2 65. Bh1 Bc1 66. Re1+ Kd6 67. Be4 Kc5 68. Rd1 Kc4 69. Kf5 Kc3 70. Rd3+ Kb4 71. Rd1 h1=Q 72. Bxh1 Rxh1 73. Rd4+ Kc3 74. Re4 b1=Q 75. Ke6 Qxe4+ 76. Kxf6 Qxf4+ 77. Ke6 Qd4 78. Ke7 Re1+ 0-1


[Site "https://www.chess.com"]

[Event "Titled Tuesday Blitz August 09 Early 2022"]
[White "Namitbir Singh Walia"]
[Black "Chyzy, Jakub"]
[WhiteFideId "35071068"]
[BlackFideId "21806209"]
[WhiteElo "1664"]
[BlackElo "2023"]
[Result "1-0"]
[Round "07"]
[TimeControl "180+1"]
[Date "2022.08.09"]
[WhiteClock "0:00:36"]
[BlackClock "0:00:03"]

1. d4 Nf6 2. c4 d6 3. Nf3 Nbd7 4. g3 e5 5. Bg2 g6 6. O-O Bg7 7. Nc3 O-O 8. e4 c6 9. Re1 a6 10. a4 a5 11. h3 exd4 12. Nxd4 Nc5 13. Kh2 Qe7 14. f4 Nfd7 15. Be3 Na6 16. Bg1 Nb4 17. Na2 Nc5 18. Nxb4 axb4 19. Re2 Be6 20. b3 b5 21. Nxc6 Qc7 22. e5 bxc4 23. exd6 Qb6 24. Bd4 Rad8 25. Bxg7 Kxg7 26. Qd4+ Kh6 27. g4 f6 28. Rxe6 Rd7 29. g5+ fxg5 30. fxg5+ Kxg5 31. Re5+ Kh6 32. Rxc5 Rdf7 33. Rh5+ gxh5 34. Qxb6 Rf2 35. bxc4 Rg8 36. Qxf2 1-0


[Site "https://www.chess.com"]

[Event "Titled Tuesday Blitz August 09 Early 2022"]
[White "Navarrete Mendez, Gonzalo Alberto"]
[Black "Kostiukov, Alexandr"]
[WhiteFideId "5106850"]
[BlackFideId "14108100"]
[WhiteElo "2261"]
[BlackElo "2202"]
[Result "1-0"]
[Round "07"]
[TimeControl "180+1"]
[Date "2022.08.09"]
[WhiteClock "0:01:51"]
[BlackClock "0:00:02"]

1. e4 c5 2. Nf3 g6 3. Nc3 Bg7 4. Bc4 Nc6 5. O-O e6 6. d4 cxd4 7. Nb5 d5 8. exd5 exd5 9. Bxd5 Nge7 10. Bxc6+ Nxc6 11. Bg5 Qb6 12. Nd6+ Kf8 13. Bf4 Be6 14. Ng5 h6 15. Nxe6+ fxe6 16. Qg4 e5 17. Qxg6 Qc7 18. Bg3 Kg8 19. f4 Rf8 20. fxe5 1-0


[Site "https://www.chess.com"]

[Event "Titled Tuesday Blitz August 09 Early 2022"]
[White "Nazari, Arad"]
[Black "Tica, Sven"]
[WhiteFideId "12577324"]
[BlackFideId "14526948"]
[WhiteElo "2129"]
[BlackElo "2350"]
[Result "1-0"]
[Round "07"]
[TimeControl "180+1"]
[Date "2022.08.09"]
[WhiteClock "0:00:33"]
[BlackClock "0:00:47"]

1. e4 g6 2. d4 Bg7 3. Nc3 a6 4. f4 b5 5. Nf3 Bb7 6. Bd3 d6 7. a4 b4 8. Ne2 Nd7 9. O-O c5 10. c3 Ngf6 11. e5 Nd5 12. Ng5 e6 13. Ne4 Bf8 14. c4 N5b6 15. exd6 cxd4 16. Nxd4 Nxc4 17. Bxc4 Bxe4 18. Qe2 Nf6 19. Be3 Bxd6 20. f5 exf5 21. Nxf5 gxf5 22. Rad1 Qc7 23. Bd4 Bc5 24. Rxf5 Bxd4+ 25. Rxd4 Qb6 26. Qe3 Rd8 27. Rxe4+ Nxe4 28. Qxb6 Rd1+ 29. Rf1 Rxf1+ 30. Bxf1 O-O 31. Qxb4 1-0


[Site "https://www.chess.com"]

[Event "Titled Tuesday Blitz August 09 Early 2022"]
[White "Nurmanova, Alua"]
[Black "Weetik, Vjacheslav"]
[WhiteFideId "13729390"]
[BlackFideId "4153472"]
[WhiteElo "1921"]
[BlackElo "2469"]
[Result "0-1"]
[Round "07"]
[TimeControl "180+1"]
[Date "2022.08.09"]
[WhiteClock "0:00:02"]
[BlackClock "0:00:14"]

1. e4 c6 2. d4 d5 3. e5 Bf5 4. h4 Qb6 5. g4 Bd7 6. c3 h5 7. f3 c5 8. g5 g6 9. Ne2 Nc6 10. a3 Bf5 11. b4 cxd4 12. cxd4 e6 13. Nbc3 Nge7 14. Be3 Nxe5 15. dxe5 Qxe3 16. Nb5 Qxe5 17. f4 Qb8 18. Rc1 Nc6 19. Nbd4 Be4 20. Rh3 Bg7 21. Nxc6 bxc6 22. Rxc6 O-O 23. Qd2 a5 24. bxa5 e5 25. fxe5 Qxe5 26. Re3 Qh2 27. Ng3 Qxh4 28. Rb3 Rfe8 29. Kd1 Bf3+ 0-1


[Site "https://www.chess.com"]

[Event "Titled Tuesday Blitz August 09 Early 2022"]
[White "Omariev, Maksim"]
[Black "Fernandez Siles, Luis"]
[WhiteFideId "4193423"]
[BlackFideId "2209420"]
[WhiteElo "2500"]
[BlackElo "2211"]
[Result "1-0"]
[Round "07"]
[TimeControl "180+1"]
[Date "2022.08.09"]
[WhiteClock "0:00:57"]
[BlackClock "0:01:12"]

1. h4 d5 2. h5 h6 3. d4 c5 4. c3 cxd4 5. cxd4 Bf5 6. Nc3 Nc6 7. Nf3 e6 8. Bf4 Nf6 9. e3 a6 10. Be2 Bd6 11. Ne5 Bxe5 12. dxe5 Nd7 13. g4 Bh7 14. Qb3 Qb6 15. Qxb6 Nxb6 16. Bg3 d4 17. exd4 Nxd4 18. Rd1 O-O-O 19. f4 Nxe2 20. Kxe2 Rxd1 21. Rxd1 Rd8 22. Bf2 Nc4 23. b3 Rxd1 24. Kxd1 Nb2+ 25. Ke2 Nd3 26. Be3 Nb4 27. Kf3 Bd3 28. Bc5 g6 29. Bxb4 1-0


[Site "https://www.chess.com"]

[Event "Titled Tuesday Blitz August 09 Early 2022"]
[White "Omelja, Artem"]
[Black "Costachi, Mihnea"]
[WhiteFideId "14119846"]
[BlackFideId "1217518"]
[WhiteElo "2382"]
[BlackElo "2437"]
[Result "0-1"]
[Round "07"]
[TimeControl "180+1"]
[Date "2022.08.09"]
[WhiteClock "0:00:04"]
[BlackClock "0:00:30"]

1. d4 d5 2. c4 c6 3. Nc3 Nf6 4. e3 g6 5. Nf3 Bg7 6. Qc2 O-O 7. Bd3 dxc4 8. Bxc4 b5 9. Be2 a6 10. Ne5 Bb7 11. Bf3 Qc7 12. O-O Nbd7 13. Nxd7 Nxd7 14. b4 a5 15. Nxb5 Qb6 16. Na3 axb4 17. Nc4 Qb5 18. Bb2 Qa4 19. Qb3 Qb5 20. Rac1 Rfc8 21. Rfd1 Qa4 22. Qxa4 Rxa4 23. a3 Ba6 24. Rd2 c5 25. Bd1 Bxc4 26. Bxa4 Nb6 27. dxc5 Nxa4 28. Bxg7 Be6 29. Bb2 Nxb2 30. Rxb2 bxa3 31. Rb6 a2 32. Ra6 Kf8 33. f3 Rb8 34. Kf2 Rb1 35. Rc2 a1=Q 36. Rxa1 Rxa1 37. c6 Ra2 38. Rxa2 Bxa2 39. c7 Be6 40. e4 Ke8 41. Ke3 Kd7 42. Kf4 f6 43. e5 Kxc7 44. exf6 exf6 0-1


[Site "https://www.chess.com"]

[Event "Titled Tuesday Blitz August 09 Early 2022"]
[White "Ouellet, Maili-Jade"]
[Black "parintele_chess"]
[WhiteFideId "2620472"]
[WhiteElo "1899"]
[BlackElo "2214"]
[Result "1-0"]
[Round "07"]
[TimeControl "180+1"]
[Date "2022.08.09"]
[WhiteClock "0:00:05"]
[BlackClock "0:00:02"]

1. d4 d5 2. c4 e6 3. Nc3 a6 4. cxd5 exd5 5. Bf4 c6 6. e3 Be6 7. Bd3 Bd6 8. Nge2 Nf6 9. Qc2 h6 10. O-O O-O 11. Rad1 Qe7 12. Be5 Bxe5 13. dxe5 Nfd7 14. f4 Nc5 15. Bh7+ Kh8 16. b4 Ncd7 17. f5 Qxb4 18. fxe6 fxe6 19. Rxf8+ Nxf8 20. Bd3 Nbd7 21. Nf4 Nxe5 22. Rf1 Qc5 23. Qd2 Ng4 24. Rf3 e5 25. Ng6+ Nxg6 26. Bxg6 e4 27. Rg3 Ne5 28. Qd4 Qe7 29. Ne2 Rd8 30. Nf4 Kg8 31. Bf5 Qf6 32. Be6+ Kf8 33. Qxe5 Qxe5 34. Ng6+ Ke8 35. Nxe5 Ke7 36. Bf5 Kf6 37. Nf7 Rf8 38. Nxh6 gxh6 39. Bg4 Rd8 40. Be2 c5 41. Kf2 Ke5 42. Rh3 d4 43. exd4+ cxd4 44. Rh5+ Kf4 45. g3# 1-0


[Site "https://www.chess.com"]

[Event "Titled Tuesday Blitz August 09 Early 2022"]
[White "Parpiev, Isaak"]
[Black "Seemann, Jakub"]
[WhiteFideId "34281576"]
[BlackFideId "21874697"]
[WhiteElo "2049"]
[BlackElo "2064"]
[Result "1-0"]
[Round "07"]
[TimeControl "180+1"]
[Date "2022.08.09"]
[WhiteClock "0:01:25"]
[BlackClock "0:01:16"]

1. e4 c6 2. d4 d5 3. exd5 cxd5 4. c4 Nf6 5. Nc3 e6 6. Nf3 Nc6 7. c5 Be7 8. Bb5 O-O 9. Bxc6 bxc6 10. Ne5 Bb7 11. Qa4 Qc8 12. O-O Nd7 13. Nxd7 Qxd7 14. Bf4 a5 15. Rfe1 f6 16. Qc2 g6 17. Na4 e5 18. dxe5 fxe5 19. Bxe5 Rae8 20. Nb6 Qg4 21. h3 Qg5 22. Bd6 Bxd6 23. cxd6 Rxe1+ 24. Rxe1 Qf4 25. d7 Qd6 26. Re8 c5 27. d8=Q Qxd8 28. Rxd8 Rxd8 29. Qxc5 d4 30. Qc7 Re8 31. Qxb7 d3 32. Qd5+ 1-0


[Site "https://www.chess.com"]

[Event "Titled Tuesday Blitz August 09 Early 2022"]
[White "Pein, Jonathan"]
[Black "Todorovic, Bojan"]
[WhiteFideId "417092"]
[BlackFideId "917087"]
[WhiteElo "2140"]
[BlackElo "2266"]
[Result "0-1"]
[Round "07"]
[TimeControl "180+1"]
[Date "2022.08.09"]
[WhiteClock "0:01:02"]
[BlackClock "0:00:12"]

1. Nf3 Nf6 2. g3 g6 3. Bg2 Bg7 4. O-O O-O 5. c4 d6 6. Nc3 c6 7. d4 Qa5 8. e4 Qh5 9. Nh4 Bg4 10. f3 Bd7 11. Be3 e5 12. h3 exd4 13. Bxd4 Be6 14. b3 Nbd7 15. f4 Nc5 16. Qxh5 Nxh5 17. Bxg7 Kxg7 18. Rad1 Nxg3 19. Rfe1 Rad8 20. Kf2 Nh5 21. f5 Bc8 22. Bf3 Nf6 23. Rd2 Rfe8 24. b4 Ncd7 25. Rxd6 Ne5 26. Rxd8 Rxd8 27. Be2 Nd3+ 28. Bxd3 Rxd3 29. Re3 Rxc3 30. e5 Rxe3 31. exf6+ Kxf6 32. Kxe3 Bxf5 33. Nf3 Bxh3 34. c5 Be6 35. a4 g5 36. Nd4 h5 37. b5 Bd5 38. b6 axb6 39. cxb6 Ke5 40. a5 c5 41. Nb3 Kd6 42. Nd2 h4 0-1


[Site "https://www.chess.com"]

[Event "Titled Tuesday Blitz August 09 Early 2022"]
[White "Perez Rodriguez, Jennifer"]
[Black "Thiel, Thomas"]
[WhiteFideId "3507831"]
[BlackFideId "4615964"]
[WhiteElo "2170"]
[BlackElo "2246"]
[Result "1-0"]
[Round "07"]
[TimeControl "180+1"]
[Date "2022.08.09"]
[WhiteClock "0:01:48"]
[BlackClock "0:01:38"]

1. e4 d5 2. exd5 Nf6 3. Nf3 Nxd5 4. d4 g6 5. c4 Nb6 6. Nc3 Bg7 7. Be3 O-O 8. Be2 Bg4 9. O-O Nc6 10. b3 Bxf3 11. Bxf3 Bxd4 12. Bxd4 Qxd4 13. Qxd4 Nxd4 14. Bxb7 Rad8 15. Rad1 c5 16. Ne4 Nd7 17. Rfe1 e6 18. Ba6 Kg7 19. Bb5 Nxb5 20. cxb5 f5 21. Ng5 1-0


[Site "https://www.chess.com"]

[Event "Titled Tuesday Blitz August 09 Early 2022"]
[White "Piesik, Piotr"]
[Black "Lagno, Kateryna"]
[WhiteFideId "1136194"]
[BlackFideId "14109336"]
[WhiteElo "2221"]
[BlackElo "2522"]
[Result "1/2-1/2"]
[Round "07"]
[TimeControl "180+1"]
[Date "2022.08.09"]
[WhiteClock "0:01:37"]
[BlackClock "0:00:59"]

1. Nf3 Nf6 2. g3 g6 3. Bg2 Bg7 4. O-O O-O 5. d4 d5 6. c4 dxc4 7. Na3 c5 8. Nxc4 Be6 9. b3 Nc6 10. Bb2 cxd4 11. Nxd4 Nxd4 12. Bxd4 Qd7 13. Bb2 Rad8 14. Qxd7 Rxd7 15. Rfd1 Rfd8 16. Rxd7 Rxd7 17. Bf3 h5 18. Rc1 b5 19. Ne3 a5 20. Rc5 Rd2 21. Bc3 Rxa2 22. Rxb5 Ra3 23. Kg2 a4 24. Bxf6 Bxf6 25. bxa4 Rxa4 26. Nd5 Kg7 27. Nxf6 Kxf6 28. h4 1/2-1/2


[Site "https://www.chess.com"]

[Event "Titled Tuesday Blitz August 09 Early 2022"]
[White "Pinero Rodriguez, Carlos Jose"]
[Black "Daeschler, Florian"]
[WhiteFideId "3901726"]
[BlackFideId "20678193"]
[WhiteElo "2053"]
[BlackElo "2187"]
[Result "1/2-1/2"]
[Round "07"]
[TimeControl "180+1"]
[Date "2022.08.09"]
[WhiteClock "0:00:10"]
[BlackClock "0:00:10"]

1. e4 c5 2. Nf3 d6 3. d4 cxd4 4. Nxd4 Nf6 5. Nc3 Nc6 6. Nf3 g6 7. h3 Bg7 8. Bc4 O-O 9. O-O Bd7 10. Re1 Rc8 11. Bb3 Na5 12. e5 dxe5 13. Nxe5 Nxb3 14. axb3 Be6 15. Qxd8 Rfxd8 16. Rxa7 Nd7 17. Nxd7 Rxd7 18. Be3 Bxc3 19. bxc3 Rxc3 20. Re2 Bf5 21. Ra8+ Kg7 22. Ra2 f6 23. Kh2 Rdc7 24. Bb6 Rd7 25. Ba5 Rc6 26. c4 e5 27. Red2 Ra6 28. Bc3 Rxa2 29. Rxa2 Rd3 30. Rc2 Kf7 31. Rc1 Ke6 32. b4 Be4 33. b5 Kd7 34. c5 h5 35. Ba5 g5 36. Rc3 Rd4 37. Re3 Bd5 38. c6+ bxc6 39. bxc6+ Bxc6 40. Bc3 Rc4 41. Bd2 Ke6 42. Bc3 Ra4 43. Bd2 Ra2 44. Rd3 Bd5 45. Be3 Be4 46. Rd2 Ra4 47. Rd8 Kf7 48. Rh8 Kg6 49. Rg8+ Kh7 50. Rd8 Kh6 51. Rh8+ Bh7 52. Rb8 f5 53. Rb6+ Bg6 54. h4 f4 55. hxg5+ Kxg5 56. Bc5 Ra2 57. Be7+ Kh6 58. Kg1 Ra1+ 59. Kh2 Rb1 60. Rxb1 Bxb1 61. g3 fxg3+ 62. Kxg3 e4 63. Bc5 Bd3 64. Be3+ Kg6 65. Kh3 Bf1+ 66. Kh4 Bg2 67. Bd4 Bf3 68. Be3 Bg2 69. Bd4 Bf3 70. Be3 Bg2 1/2-1/2


[Site "https://www.chess.com"]

[Event "Titled Tuesday Blitz August 09 Early 2022"]
[White "Ramirez Vido, Robert Yorisan"]
[Black "Kazancev, Valerij M"]
[WhiteFideId "3513823"]
[BlackFideId "4179609"]
[WhiteElo "2420"]
[BlackElo "2560"]
[Result "1-0"]
[Round "07"]
[TimeControl "180+1"]
[Date "2022.08.09"]
[WhiteClock "0:00:07"]
[BlackClock "0:00:19"]

1. f4 g6 2. Nf3 Bg7 3. e3 c5 4. Be2 Nc6 5. O-O e6 6. Nc3 Nge7 7. d3 O-O 8. Bd2 Rb8 9. a4 a6 10. Qe1 d5 11. Qh4 h6 12. Kh1 Nf5 13. Qxd8 Rxd8 14. g4 Nd6 15. Kg2 b5 16. axb5 axb5 17. Kg3 f5 18. g5 hxg5 19. Nxg5 c4 20. Bf3 Nb4 21. dxc4 bxc4 22. Rfc1 Ne4+ 23. Bxe4 fxe4 24. Ra7 e5 25. Ne2 Bf5 26. Bc3 d4 27. exd4 exf4+ 28. Nxf4 Bxd4 29. Bxd4 Rxd4 30. c3 Nd3 31. cxd4 Nxc1 32. Rc7 Rxb2 33. Rxc4 Rb3+ 34. Kh4 Nd3 35. Nd5 Rb2 36. Rc7 Rxh2+ 37. Kg3 Rh5 38. Nf6+ Kf8 39. Rf7# 1-0


[Site "https://www.chess.com"]

[Event "Titled Tuesday Blitz August 09 Early 2022"]
[White "Rangel, Daniel"]
[Black "Broca Jimenez, Fernando"]
[WhiteFideId "2124475"]
[BlackFideId "5104742"]
[WhiteElo "2225"]
[BlackElo "2062"]
[Result "1-0"]
[Round "07"]
[TimeControl "180+1"]
[Date "2022.08.09"]
[WhiteClock "0:00:27"]
[BlackClock "0:00:11"]

1. e4 c5 2. Nf3 g6 3. Nc3 Nc6 4. h4 Nf6 5. h5 Nxh5 6. Rxh5 gxh5 7. Ng5 Bh6 8. Nxf7 Kxf7 9. Qxh5+ Kg7 10. Bc4 e6 11. d3 Bxc1 12. Rxc1 Qf6 13. g3 a6 14. Ne2 Ne5 15. Bb3 Nf3+ 16. Kf1 e5 17. Kg2 Nd4 18. Nxd4 cxd4 19. Rf1 d6 20. f4 Rf8 21. f5 h6 22. Rh1 Bd7 23. Rh4 Qg5 24. Rg4 Qxg4 25. Qxg4+ Kh8 26. Qg6 1-0


[Site "https://www.chess.com"]

[Event "Titled Tuesday Blitz August 09 Early 2022"]
[White "Remolar Gallen, Jose"]
[Black "Can, Melih Kaan"]
[WhiteFideId "2215187"]
[BlackFideId "6317383"]
[WhiteElo "2205"]
[BlackElo "2049"]
[Result "1-0"]
[Round "07"]
[TimeControl "180+1"]
[Date "2022.08.09"]
[WhiteClock "0:00:55"]
[BlackClock "0:01:09"]

1. d4 Nf6 2. c4 c5 3. d5 e6 4. Nc3 exd5 5. cxd5 d6 6. e4 g6 7. Bb5+ Nfd7 8. a4 Bg7 9. f4 O-O 10. Nf3 Na6 11. O-O Nc7 12. Qe1 a6 13. Bd3 Rb8 14. Qg3 Re8 15. e5 dxe5 16. d6 Ne6 17. f5 Nd4 18. fxg6 hxg6 19. Ng5 Nf6 20. Nxf7 Kxf7 21. Qxg6+ Kg8 22. Bh6 Ne6 23. Bc4 Kh8 24. Bxe6 Bxh6 25. Qxh6+ Nh7 26. Rf7 1-0


[Site "https://www.chess.com"]

[Event "Titled Tuesday Blitz August 09 Early 2022"]
[White "Reprintsev, Alexander"]
[Black "Boyer, Mahel"]
[WhiteFideId "14100541"]
[BlackFideId "45102422"]
[WhiteElo "2108"]
[BlackElo "2454"]
[Result "1-0"]
[Round "07"]
[TimeControl "180+1"]
[Date "2022.08.09"]
[WhiteClock "0:01:09"]
[BlackClock "0:00:03"]

1. e4 e5 2. f4 exf4 3. Bc4 c6 4. Qe2 d5 5. exd5+ Be7 6. Nc3 Nf6 7. d4 O-O 8. Bxf4 cxd5 9. Bb3 Bb4 10. Nf3 Nc6 11. O-O-O Bxc3 12. bxc3 Ne4 13. Rd3 Bf5 14. Re3 Rc8 15. Nd2 Na5 16. Nxe4 Bxe4 17. Kb2 Nc4+ 18. Bxc4 Rxc4 19. Rxe4 Qb6+ 20. Ka1 Rxc3 21. Rb1 Qc6 22. Re7 Rxc2 23. Qd3 Rc8 24. Rexb7 h6 25. Rb8 g6 26. Rxc8+ Kg7 1-0


[Site "https://www.chess.com"]

[Event "Titled Tuesday Blitz August 09 Early 2022"]
[White "Rios Escobar, Adan"]
[Black "Williams, Simon K"]
[WhiteFideId "3403645"]
[BlackFideId "404454"]
[WhiteElo "2411"]
[BlackElo "2468"]
[Result "0-1"]
[Round "07"]
[TimeControl "180+1"]
[Date "2022.08.09"]
[WhiteClock "0:00:01"]
[BlackClock "0:01:04"]

1. d4 e6 2. c4 f5 3. g3 Nf6 4. Nf3 Be7 5. Bg2 O-O 6. O-O d6 7. Nc3 a5 8. b3 Ne4 9. Bb2 Nxc3 10. Bxc3 Qe8 11. Qd2 a4 12. b4 Nd7 13. c5 Nf6 14. a3 Bd7 15. Bb2 Bc6 16. Rac1 Ne4 17. Qd3 Bf6 18. e3 Bb5 19. Qc2 Bxf1 20. Bxf1 e5 21. Bc4+ Kh8 22. Kg2 Ng5 23. dxe5 dxe5 24. Qxf5 Nxf3 25. Qxf3 e4 26. Qe2 Qg6 27. Rd1 Bxb2 28. Qxb2 c6 29. Rd7 Rf6 30. Qe5 Raf8 31. Rd2 Qg4 32. Qc7 h5 33. Qxb7 h4 0-1


[Site "https://www.chess.com"]

[Event "Titled Tuesday Blitz August 09 Early 2022"]
[White "Rose, Felix"]
[Black "Zenin, Dmitry"]
[WhiteFideId "5105722"]
[BlackFideId "4127897"]
[WhiteElo "2039"]
[BlackElo "2215"]
[Result "1-0"]
[Round "07"]
[TimeControl "180+1"]
[Date "2022.08.09"]
[WhiteClock "0:00:16"]
[BlackClock "0:00:10"]

1. e4 g6 2. d4 Bg7 3. Nf3 d6 4. Nc3 a6 5. a4 Nf6 6. h3 O-O 7. Be3 Nc6 8. Be2 e5 9. dxe5 Nxe5 10. Nxe5 dxe5 11. Bc4 Qe7 12. O-O Be6 13. Qe2 Nh5 14. Rfd1 Nf4 15. Qf1 Rad8 16. a5 Qb4 17. Bxe6 Nxe6 18. Rxd8 Rxd8 19. Qb1 c6 20. Ra4 Qe7 21. Ne2 Qd6 22. g3 Qd1+ 23. Qxd1 Rxd1+ 24. Kg2 Re1 25. Kf3 Nd4+ 26. Nxd4 exd4 27. Bxd4 Bf8 28. Bc3 Rc1 29. Rd4 f6 30. Rd7 Rxc2 31. Bxf6 Bc5 32. Rxb7 Rxf2+ 33. Kg4 Be3 34. e5 h5+ 35. Kh4 Re2 36. Rc7 Bd4 37. Rg7+ Kf8 38. Rxg6 Kf7 39. Kxh5 Bxe5 40. Bxe5 Rxe5+ 41. Rg5 Re2 42. b4 Rc2 43. Rg4 Rb2 44. Kg5 Rf2 45. h4 1-0


[Site "https://www.chess.com"]

[Event "Titled Tuesday Blitz August 09 Early 2022"]
[White "Sailer, Mike"]
[Black "Buscar, Michael"]
[WhiteFideId "2012901"]
[BlackFideId "2603616"]
[WhiteElo "2109"]
[BlackElo "2010"]
[Result "1-0"]
[Round "07"]
[TimeControl "180+1"]
[Date "2022.08.09"]
[WhiteClock "0:00:20"]
[BlackClock "0:00:22"]

1. d4 d5 2. Nf3 Nf6 3. Bf4 Bf5 4. e3 e6 5. h3 Bd6 6. Bxd6 cxd6 7. Bd3 Bg6 8. O-O Nbd7 9. Qe2 e5 10. Bb5 O-O 11. Bxd7 Nxd7 12. Rd1 Qa5 13. Nc3 e4 14. Nd2 f5 15. Qb5 Qxb5 16. Nxb5 Rfc8 17. c3 Rc6 18. Nb3 Bh5 19. Rd2 Rb6 20. Nc7 Rf8 21. Nxd5 Rc6 22. Ne7+ Kf7 23. Nxc6 bxc6 24. Na5 Rc8 25. c4 Ke7 26. b4 Bf7 27. Rc2 Nb6 28. a4 Kd7 29. b5 c5 30. dxc5 Rxc5 31. Rac1 Nxa4 32. Nb3 Rc7 33. Nd4 g6 34. Nc6 Nb6 35. c5 Nd5 36. cxd6 Kxd6 37. Nd8 Be8 38. Rxc7 Nxc7 39. Nb7+ Kd5 40. Rxc7 Bxb5 41. Rc5+ 1-0


[Site "https://www.chess.com"]